 Dungeon Crawl Stone Soup version 0.31-a0-774-g0d66cba (webtiles) character file.

Game seed: 1436854630563152688

17137 BarneyGumball the Skirmisher (level 12, -6/52 HPs)
             Began as a Spriggan Hexslinger on Sept 17, 2023.
             Was an Elder of Hepliaklqana.
             Mangled by a boulder beetle (46 damage)
             ... on level 11 of the Dungeon.
             The game lasted 01:00:41 (11899 turns).

BarneyGumball the Skirmisher (Spriggan Hexslinger) Turns: 11899, Time: 01:00:42

Health: -6/52      AC: 12    Str:  4    XL:     12   Next: 16%
Magic:  19/19      EV: 19    Int: 16    God:    Hepliaklqana [****..]
Gold:   651        SH:  0    Dex: 21    Spells: 13/19 levels left

rFire   . . .        a - +0 shortbow
rCold   . . .        (shield currently unavailable)
rNeg    . . .        D - +0 acid dragon scales
rPois   .            (helmet restricted)
rElec   .            i - +0 cloak
rCorr   +            (gloves unavailable)
SInv    +            (boots unavailable)
Will    ++...        j - amulet of faith
Stlth   +++          B - +4 ring of protection
HPRegen 0.28/turn    l - +4 ring of slaying
MPRegen 0.16/turn

%: faith
@: very quick
A: reduced essence, very small, no large weapons, unfitting armour, see
invisible, speed 3
a: Renounce Religion, Recall Ancestor, Ancestor Identity, Transference, Idealise


You were on level 11 of the Dungeon.
You worshipped Hepliaklqana.
Hepliaklqana was greatly pleased with you.
You visited 2 branches of the dungeon, and saw 12 of its levels.

You collected 651 gold pieces.

Inventory:

Hand Weapons
 a - a +0 shortbow (weapon)
 b - a +2 dagger of pain
 N - a +0 arbalest
Missiles
 m - 18 poisoned darts
Armour
 i - a +0 cloak (worn)
 D - +0 acid dragon scales (worn)
Jewellery
 j - an amulet of faith (around neck)
 l - a +4 ring of slaying (right hand)
 w - a ring of willpower
 y - a ring of poison resistance
 B - a +4 ring of protection (left hand)
 M - a ring of resist corrosion
Wands
 t - a wand of paralysis (5)
 z - a wand of flame (37)
 C - a wand of polymorph (15)
 I - a wand of roots (4)
 K - a wand of quicksilver (3)
Scrolls
 c - a scroll of enchant weapon {unknown}
 e - a scroll of noise
 f - 4 scrolls of teleportation
 h - a scroll of immolation {unknown}
 k - a scroll of fog {unknown}
 p - a scroll of summoning {unknown}
 q - 3 scrolls of poison
 u - a scroll of amnesia {unknown}
 v - a scroll of blinking {unknown}
 A - a scroll of enchant armour {unknown}
 H - a scroll of fear {unknown}
Potions
 d - a potion of invisibility {unknown}
 g - 6 potions of curing
 n - 3 potions of enlightenment
 o - a potion of cancellation
 r - 2 potions of resistance
 s - 4 potions of might
 x - a potion of mutation
 E - a potion of berserk rage {unknown}
 G - a potion of attraction {unknown}
 J - a potion of haste {unknown}
 L - a potion of ambrosia {unknown}


   Skills:
 + Level 4.0 Fighting
 + Level 14.0 Ranged Weapons
 - Level 4.0 Armour
 + Level 7.0 Dodging
 - Level 6.0 Stealth
 - Level 4.0 Spellcasting
 - Level 7.0 Hexes
 - Level 6.0 Translocations
 - Level 0.7 Fire Magic
 + Level 8.1 Invocations


You had 13 spell levels left.
You knew the following spells:

 Your Spells              Type           Power      Damage    Failure   Level
a - Jinxbite              Hex            50%        N/A       3%          2
b - Dimensional Bullseye  Hex/Tloc       12%        N/A       26%         4

Your spell library contained the following spells:

 Spells                   Type           Power      Damage    Failure   Level
 Apportation              Tloc           44%        N/A       3%          1
 Sigil of Binding         Hex            25%        N/A       6%          3
 Ensorcelled Hibernation  Hex/Ice        28%        N/A       14%         2
 Cause Fear               Hex            12%        N/A       22%         4
 Inner Flame              Hex/Fire       15%        N/A       24%         3
 Freeze                   Ice            12%        1d3       36%         1
 Necrotise                Necr           12%        1d4       36%         1
 Shock                    Conj/Air       12%        1d3       36%         1
 Summon Small Mammal      Summ           12%        N/A       36%         1
 Passwall                 Tmut/Erth      2%         N/A       50%         2
 Frozen Ramparts          Ice            6%         1d1       75%         3
 Hailstorm                Conj/Ice       3%         3d3       75%         3
 Swiftness                Air            3%         N/A       75%         3
 Airstrike                Air            1%         2d(1-17)  98%         4


Dungeon Overview and Level Annotations

Branches:
Dungeon (11/15)            Temple (1/1) D:4            Lair (0/5) D:11
    Orc: D:9-12

Altars:
Ashenzari
Cheibriados
Dithmenos
Elyvilon
Fedhas
Gozag
Hepliaklqana
Kikubaaqudgha
Makhleb
Nemelex Xobeh
Okawaru
Qazlal
Ru
Sif Muna
Trog
Uskayaw
Vehumet
Wu Jian
Xom
Yredelemnul
Zin
The Shining One

Shops:
D:5 =   D:10 (


Innate Abilities, Weirdness & Mutations

Your life essence is reduced to manifest your ancestor. (-10% HP)
You are very small and have problems with some larger weapons.
You are too small for most types of armour.
You have supernaturally acute eyesight. (SInv)
You cover ground extremely quickly. (Speed+++)


Message History

The orc priest shouts!
The arrow hits the orc wizard!
You kill the orc wizard!
Fire: a) +0 shortbow
Press: ? - help, Q - select action, (/) - cycle Shift-Dir - straight line, f - orc priest
Aim: an orc priest, wielding a +0 whip (73% to hit)
You shoot an arrow. The arrow hits the orc priest.
The orc priest is moderately wounded.
You hear an angry hiss.
A rime drake comes into view.
You hear an angry hiss.
You enter the shallow water.
Moving in this stuff is going to be slow.
Fire: a) +0 shortbow
Press: ? - help, Q - select action, (/) - cycle Shift-Dir - straight line, f/p - orc priest
Aim: an orc priest, wielding a +0 whip (moderately wounded, 73% to hit)
You shoot an arrow. The arrow hits the orc priest!
The orc priest is almost dead.
Fire: a) +0 shortbow
Press: ? - help, Q - select action, (/) - cycle Shift-Dir - straight line, f/p - orc priest
Aim: an orc priest, wielding a +0 whip (almost dead, 73% to hit)
You shoot an arrow.
The arrow closely misses the orc priest.
Fire: a) +0 shortbow
Press: ? - help, Q - select action, (/) - cycle Shift-Dir - straight line, f/p - orc priest
Aim: an orc priest, wielding a +0 whip (almost dead, 73% to hit)
You shoot an arrow. The arrow hits the orc priest.
You kill the orc priest!
MeatShield hits the boulder beetle but does no damage.
The boulder beetle curls into a ball and begins rolling!
A rime drake comes into view.
You hear the faint crackling of a melting archway very nearby.
The rime drake breathes ice at you. The icy flash freeze hits you!
You are encased in ice.
The ice encasing you melts away.
The boulder beetle attacks as it pursues you!
The boulder beetle hits you!!!
Ouch! That really hurt!
You die...

.~.°R.°.R...#.....>.....~..
.#.)...##...)..#...........
..≈.##.#...°...##...##.....
).. #.##..k°..##...##.....
#. ≈.###...°#.#..†..#....
#.# #...k°...........# k≈#
##....○.#~.......# ..#
#.....B...)....## ..#
#..#..@.......##
##...............
#.####†#########
#.#..†......# #.#.##.####.#
#<.#... ########


You could see a boulder beetle (rolling) and 2 rime drakes.

Vanquished Creatures
  An ogre mage (D:10)
  A death knight (D:10)
  An ugly thing (D:10)
  A cyclops (D:10)
  An unseen horror (D:10)
  2 trolls
  A tengu conjurer (D:10)
  A polar bear (D:10)
  A dream sheep (shapeshifter) (D:10)
  3 slime creatures (D:10)
  2 shadows
  A wyvern (D:8)
  15 yaks
  2 vampire mosquitoes (D:10)
  2 water moccasins
  An ice beast (D:6)
  A sky beast (D:3)
  A hornet zombie (D:8)
  2 ogres (D:5)
  A centaur (D:8)
  5 wolves
  A phantom (D:5)
  2 kobold brigands
  A gnoll sergeant (D:8)
  3 bullfrogs
  A wyvern zombie (D:8)
  A necrophage (D:8)
  A scorpion (D:2)
  6 wights (D:8)
  3 killer bees (D:10)
  A centaur zombie (D:8)
  3 hounds
  2 jellies (D:6)
  4 orc priests
  A human zombie (D:8)
  A sleepcap (D:6)
  2 iguanas
  7 orc wizards
  A mummy (D:8)
  2 howler monkey zombies (D:8)
  15 gnolls
  4 adders
  3 worms
  4 dart slugs
  29 orcs
  11 endoplasms
  3 giant cockroaches
  8 goblins
  7 hobgoblins
  3 jackals
  23 kobolds
  9 quokkas
  10 ball pythons
  4 bats
  3 frilled lizards
  12 rats
237 creatures vanquished.

Vanquished Creatures (collateral kills)
  An ogre mage (D:10)
  A centaur warrior (D:10)
  2 ugly things (D:10)
  2 manticores
  An ice statue (D:9)
  An unseen horror (D:10)
  A rime drake (D:11)
  A kobold demonologist (D:8)
  A troll (D:9)
  A hornet (D:8)
  10 yaks
  Grum (D:10)
  A steam dragon (D:9)
  A water moccasin (D:8)
  An acid dragon (D:8)
  2 ice beasts (D:11)
  An ogre (D:6)
  A wolf (D:10)
  A centaur (D:10)
  A bullfrog (D:7)
  A gnoll sergeant (D:8)
  A necrophage (D:8)
  2 scorpions
  5 wights (D:8)
  A centaur zombie (D:8)
  A hound (D:6)
  2 orc wizards
  2 iguanas
  A gnoll (D:8)
  3 orcs
  A jackal (D:5)
  2 kobolds
54 creatures vanquished.

Vanquished Creatures (others)
  8 knights
8 creatures vanquished.

Grand Total: 299 creatures vanquished

Notes
Turn   | Place    | Note
-------+----------+-------------------------------------------
     0 | D:1      | BarneyGumball the Spriggan Hexslinger began the quest for
                  | the Orb.
     0 | D:1      | Reached XP level 1. HP: 9/9 MP: 3/3
   100 | D:1      | Reached XP level 2. HP: 14/14 MP: 5/5
   376 | D:1      | Reached skill level 1 in Stealth
   666 | D:1      | Reached XP level 3. HP: 17/17 MP: 6/6
   722 | D:1      | Reached skill level 3 in Ranged Weapons
  1442 | D:2      | Reached XP level 4. HP: 21/21 MP: 7/7
  1605 | D:2      | Noticed a scorpion
  1650 | D:2      | Killed a scorpion
  1651 | D:2      | Reached skill level 4 in Ranged Weapons
  1651 | D:2      | Reached XP level 5. HP: 25/25 MP: 8/8
  2195 | D:3      | Found a stormy altar of Qazlal.
  2195 | D:3      | Noticed a sky beast
  2465 | D:3      | Identified the staff of Sloth {rF+ rC+ rN+ Will+++ Stlth-
                  | Ice}
  2488 | D:3      | Reached skill level 5 in Stealth
  2585 | D:3      | Killed a sky beast
  2586 | D:3      | Reached XP level 6. HP: 29/29 MP: 9/9
  2645 | D:3      | Reached skill level 5 in Ranged Weapons
  3128 | D:4      | Learned a level 2 spell: Jinxbite
  3163 | D:4      | Found a staircase to the Ecumenical Temple.
  3179 | Temple   | Entered the Ecumenical Temple
  3252 | Temple   | Became a worshipper of Hepliaklqana the Forgotten
  3406 | D:4      | Identified the +8 dagger of Tuhietaz {chaos, rC+ Will+}
  3552 | D:4      | Found an opulent altar of Gozag.
  3643 | D:4      | Reached skill level 6 in Ranged Weapons
  4011 | D:4      | Reached XP level 7. HP: 32/32 MP: 10/10
  4163 | D:5      | Entered Level 5 of the Dungeon
  4368 | D:3      | Reached * piety under Hepliaklqana
  4612 | D:5      | Reached skill level 7 in Ranged Weapons
  4779 | D:5      | Found Moupid's Jewellery Shop.
  4962 | D:5      | Reached skill level 8 in Ranged Weapons
  5086 | D:5      | Reached XP level 8. HP: 33/33 MP: 9/11
  5477 | D:6      | Reached ** piety under Hepliaklqana
  5479 | D:6      | Remembered your ancestor MeatShield as a knight
  5580 | D:6      | Reached skill level 9 in Ranged Weapons
  6344 | D:6      | Reached skill level 10 in Ranged Weapons
  6348 | D:6      | Reached *** piety under Hepliaklqana
  7153 | D:7      | Noticed a moth of wrath
  7156 | D:7      | Found a bloodstained altar of Trog.
  7370 | D:8      | Reached skill level 11 in Ranged Weapons
  7372 | D:8      | Reached XP level 9. HP: 36/36 MP: 10/12
  7621 | D:8      | Reached skill level 12 in Ranged Weapons
  7649 | D:8      | Found a glowing golden altar of the Shining One.
  7661 | D:8      | Reached **** piety under Hepliaklqana
  7667 | D:8      | Noticed a kobold demonologist
  7680 | D:8      | Killed a kobold demonologist
  7681 | D:8      | Reached skill level 1 in Fighting
  7681 | D:8      | Reached skill level 1 in Invocations
  8038 | D:8      | Reached skill level 5 in Dodging
  8052 | D:8      | Reached XP level 10. HP: 43/43 MP: 13/13
  8394 | D:8      | Found a basalt altar of Yredelemnul.
  8782 | D:9      | Reached skill level 13 in Ranged Weapons
  8822 | D:9      | Noticed a manticore
  8858 | D:9      | Reached skill level 1 in Armour
  9090 | D:9      | Noticed an ice statue
  9122 | D:9      | Killed an ice statue
  9292 | D:9      | Reached ***** piety under Hepliaklqana
  9335 | D:9      | Reached XP level 11. HP: 47/47 MP: 15/15
  9610 | D:10     | Entered Level 10 of the Dungeon
  9631 | D:10     | Noticed a boulder beetle
  9631 | D:10     | Noticed a centaur warrior
  9645 | D:10     | Noticed a green ugly thing
  9786 | D:10     | Noticed Grum
  9798 | D:10     | Killed Grum
  9803 | D:10     | Found Voschegut's Antique Weapon Shop.
  9899 | D:10     | Reached skill level 14 in Ranged Weapons
  9902 | D:10     | Reached skill level 1 in Translocations
 10090 | D:10     | Reached skill level 5 in Hexes
 10261 | D:10     | Noticed a fire dragon
 10317 | D:10     | Noticed an ogre mage
 10336 | D:10     | Killed an ogre mage
 10483 | D:10     | Noticed an ogre mage
 10496 | D:10     | Killed an ogre mage
 10736 | D:10     | Killed a centaur warrior
 10737 | D:10     | Reached skill level 5 in Translocations
 10784 | D:10     | Noticed an anaconda
 11035 | D:10     | Noticed a death knight
 11060 | D:10     | Killed a death knight
 11061 | D:10     | Reached skill level 5 in Invocations
 11422 | D:10     | Noticed a red ugly thing
 11430 | D:10     | Noticed a white ugly thing
 11454 | D:10     | Killed a white ugly thing
 11480 | D:10     | Killed a green ugly thing
 11481 | D:10     | Reached XP level 12. HP: 52/52 MP: 17/19
 11845 | D:11     | Found a staircase to the Lair.
 11877 | D:11     | Learned a level 4 spell: Dimensional Bullseye
 11883 | D:11     | Noticed a boulder beetle
 11899 | D:11     | Mangled by a boulder beetle

Illustrated notes

Levels and vault maps discovered:
D:1:      dpeg_arrival_brainrot, layout_loops_ring, minmay_heptomino_d4
D:2:      layout_basic
D:3:      minmay_chambers_of_twos, layout_loops_cross,
          nicolae_qazlal_beasts_of_the_sky, corexii_shack, kennysheep_path_1,
          minmay_checkerbox
D:4:      layout_basic, nicolae_gozag_cash_rules_everything_around_me,
          temple_fountains, minmay_hedge_maze, dreamdust_gnoll_farm
D:5:      layout_cave_pods, serial_shops, nicolae_shop_gaudy_bauble,
          st_stairs_12
D:6:      layout_layer_cave
D:7:      layout_rooms, tgw_trog
D:8:      layout_loops_corners, lemuel_mausoleum_altar_yredelemnul,
          mainiacjoe_overflow_tiny_flanked
D:9:      lemuel_ice_statue, layout_cave_pools
D:10:     layout_basic, serial_shops, shop, dk_vineyard_2, minivault_28,
          uniq_grum
D:11:     layout_basic, hellmonk_lair_entry_icy, portal_ice_cave_rime,
          uniq_harold, uniq_psyche
Temple:   minmay_temple_bridge_d

Skill      XL: |  1  2  3  4  5  6  7  8  9 10 11 12 |
---------------+-------------------------------------+-----
Hexes          | 4 7 |  7.0
Stealth        | 1 3 4 6 |  6.0
Ranged Weapons | 3 4 6 8 11 12 13 14 | 14.0
Fighting       | 2 4 |  4.0
Dodging        | 5 7 |  7.0
Invocations    | 3 4 7 8 |  8.1
Armour         | 3 4 |  4.0
Translocations | 6 |  6.0
Spellcasting   | 4 |  4.0
Fire Magic     | |  0.7

Action                     |  1- 3 |  4- 6 |  7- 9 | 10-12 || total
---------------------------+-------+-------+-------+-------++-------
   Fire: Sling             |    95 |   279 |   308 |   113 ||   795
         Shortbow          |       |       |       |   410 ||   410
   Cast: Jinxbite          |       |       |     1 |       ||     1
 Invoke: Recall Ancestor   |       |       |    18 |    25 ||    43
         Ancestor Identity |       |       |     1 |       ||     1
         Ancestor Life: Kn |       |       |     1 |       ||     1
         Idealise          |       |       |       |     9 ||     9
    Use: Scroll            |       |       |     6 |     4 ||    10
         Potion            |       |       |       |     2 ||     2
 Armour: Robe              |     5 |    13 |    15 |       ||    33
         Acid dragon scale |       |       |       |    46 ||    46
  Dodge: Dodged            |    18 |    27 |    27 |    51 ||   123

Table legend: (Time is in decaauts)
 A = Elapsed time spent in this place.
 B = Non-inter-level travel time spent in this place.
 C = Inter-level travel time spent in this place.
 D = Time resting spent in this place.
 E = Time spent auto-exploring this place.
 F = Levels seen in this place.
 G = Mean time per level.
                   A        B        C        D        E       F      G
               +--------+--------+--------+--------+--------+-----+--------+
         Total |   8159 |   7602 |    557 |    453 |   4438 |  12 |  679.9 |
       Dungeon |   8070 |   7601 |    469 |    453 |   4438 |  11 |  733.6 |
        Temple |     89 |      2 |     87 |      0 |      0 |   1 |   89.0 |
               +--------+--------+--------+--------+--------+-----+--------+

Top non-repeatable levels by time:
    D:10: 1416 daAuts
     D:8: 941 daAuts
     D:2: 904 daAuts
     D:6: 834 daAuts
     D:9: 802 daAuts
     D:4: 731 daAuts
     D:5: 696 daAuts
     D:3: 672 daAuts
     D:1: 597 daAuts
     D:7: 388 daAuts
  Temple: 89 daAuts
    D:11: 84 daAuts
